 Dungeon Crawl Stone Soup version 0.30-a0-596-g0af90f9a20 (webtiles) character file.

Game seed: 5850675918030988900

36155 Midn8 the Nimble (level 13, 63/63 HPs)
             Began as a Felid Conjurer on Dec 19, 2022.
             Was an Initiate of Gozag.
             Quit the game on level 15 of the Dungeon on May 25, 2023.
             The game lasted 02:05:35 (40385 turns).

Midn8 the Nimble (Felid Conjurer)                  Turns: 40385, Time: 02:05:36

Health: 63/63      AC:  3    Str:  5    XL:     13   Next: 51%
Magic:  29/29      EV: 26    Int: 29    God:    Gozag
Gold:   7326       SH:  5    Dex: 17    Spells: 4/35 levels left
                                        Lives:  0   Deaths: 2

rFire   + . .      SeeInvis +      - Unarmed
rCold   . . .      Faith    .    (shield unavailable)
rNeg    . . .      Spirit   .    (body armour unavailable)
rPois   .          Reflect  +    (helmet unavailable)
rElec   .          Harm     .    (cloak unavailable)
rCorr   .          Rampage  .    (gloves unavailable)
Will    +....                    (boots unavailable)
Stlth   +++                      H - amulet of reflection
HPRegen 0.30/turn                P - ring of fire
MPRegen 0.21/turn                b - +6 ring of intelligence

@: quick
A: very small, claws 1, fangs 3, see invisible, speed 1, shaggy fur 3, stealthy
paws, no weapons or thrown items, no armour, multi-lived
a: Renounce Religion, Potion Petition, Call Merchant, Bribe Branch


You were on level 15 of the Dungeon.
You worshipped Gozag.
Gozag was greatly pleased with you.
You visited 2 branches of the dungeon, and saw 20 of its levels.
You also visited: Ossuary, Bailey, Gauntlet and Ice Cave.

You collected 9203 gold pieces.
You spent 313 gold pieces at shops.
You paid 1564 gold pieces to Gozag.

Inventory:

Jewellery
 b - a +6 ring of intelligence (right paw)
 e - a ring of ice
 s - a +5 ring of evasion
 w - a ring of flight
 H - an amulet of reflection (around neck)
 N - a +4 ring of slaying
 O - a ring of ice
 P - a ring of fire (left paw)
 R - a ring of fire
 S - a ring of magical power
 T - a +5 ring of evasion
 U - a ring of protection from cold
 W - an amulet of regeneration
Wands
 j - a wand of paralysis (23)
 r - a wand of flame (89)
 u - a wand of roots (16)
 A - a wand of digging (9)
 F - a wand of polymorph (19)
 K - a wand of acid (14)
 L - a wand of mindburst (19)
Scrolls
 f - 8 scrolls of fog
 m - 5 scrolls of enchant weapon
 p - 3 scrolls of magic mapping
 q - 9 scrolls of teleportation
 t - 2 scrolls of amnesia
 v - 4 scrolls of blinking
 x - 8 scrolls of vulnerability
 y - 3 scrolls of immolation
 B - 14 scrolls of identify
 C - 6 scrolls of butterflies
 D - a scroll of silence
 E - 4 scrolls of poison
 M - 3 scrolls of fear
Potions
 a - 6 potions of magic
 c - 6 potions of haste
 d - 5 potions of flight
 g - 2 potions of resistance
 h - 5 potions of mutation
 i - 11 potions of heal wounds
 k - 12 potions of curing
 l - 6 potions of lignification
 n - 2 potions of invisibility
 o - 5 potions of might
 z - 4 potions of attraction
 G - 3 potions of brilliance
 I - 2 potions of ambrosia
 J - 2 potions of berserk rage
Miscellaneous
 V - a condenser vane


   Skills:
 + Level 10.8 Fighting
 - Level 13.0 Dodging
 - Level 5.0 Stealth
 - Level 9.0 Unarmed Combat
 - Level 11.7 Spellcasting
 - Level 11.0 Conjurations
 - Level 8.0 Hexes
 - Level 6.0 Translocations
 - Level 7.0 Transmutations
 - Level 6.0 Ice Magic
 - Level 8.0 Air Magic
 - Level 5.0 Evocations


You had 4 spell levels left.
You knew the following spells:

 Your Spells              Type           Power      Damage    Failure   Level
a - Magic Dart            Conj           100%       1d8       1%          1
b - Iskenderun's Mystic   Conj/Tloc      60%        2d13      1%          4
c - Arcjolt               Conj/Air       32%        1d42      1%          5
d - Irradiate             Conj/Tmut      31%        3d22      2%          5
e - Blade Hands           Tmut           27%        N/A       4%          5
f - Fulminant Prism       Conj/Hex       32%        3d16      1%          4
s - Searing Ray           Conj           100%       2d8       1%          2
z - Freezing Cloud        Conj/Ice/Air   30%        6-21      2%          5

Your spell library contained the following spells:

 Spells                   Type           Power      Damage    Failure   Level
 Apportation              Tloc           100%       N/A       1%          1
 Cigotuvi's Dreadful Rot  Necr/Pois/Air  64%        N/A       1%          2
 Dazzling Flash           Conj/Hex       100%       N/A       1%          3
 Inner Flame              Hex/Fire       57%        N/A       1%          3
 Ozocubu's Armour         Ice            51%        N/A       1%          3
 Summon Guardian Golem    Hex/Summ       40%        N/A       1%          3
 Vhi's Electric Charge    Tloc/Air       100%       N/A       1%          3
 Airstrike                Air            29%        2d(5-21)  1%          4
 Summon Small Mammal      Summ           68%        N/A       3%          1
 Flame Wave               Conj/Fire      65%        2d15      3%          4
 Sticky Flame             Conj/Fire      65%        2d8       3%          4
 Summon Lightning Spire   Summ/Air       40%        N/A       6%          4
 Call Canine Familiar     Summ           17%        N/A       10%         3
 Dispel Undead            Necr           17%        3d10      30%         4
 Lightning Bolt           Conj/Air       32%        1d49      1%          5
 Metabolic Englaciation   Hex/Ice        27%        N/A       4%          5
 Alistair's Intoxication  Tmut/Pois      24%        N/A       21%         5
 Orb of Destruction       Conj           34%        9d10      28%         7
 Starburst                Conj/Fire      32%        6d10      45%         6
 Dragon Form              Tmut           27%        N/A       83%         7
 Spellforged Servitor     Conj/Summ      24%        N/A       95%         7
 Death Channel            Necr           8%         N/A       99%         6
 Maxwell's Capacitive Co  Air            29%        ∞         100%        8
 Polar Vortex             Ice            25%        N/A       100%        9
 Simulacrum               Ice/Necr       Unusable   N/A       N/A         6

Dungeon Overview and Level Annotations

Branches:
Dungeon (15/15)            Temple (0/1) D:4            Lair (5/5) D:9
  Swamp (0/4) Lair:2        Snake (0/4) Lair:3        Slime (0/5) Lair:4
    Orc (0/2) D:10         Vaults (0/5) D:14        Ossuary (visited)
 Bailey (visited)           IceCv (visited)         Gauntlet (visited)
 Depths: D:15

Altars:
Fedhas
Gozag
Hepliaklqana
Makhleb
Qazlal
Ru
Sif Muna
Vehumet
Wu Jian
Xom
Zin
The Shining One

Shops:
D:8 ?

Annotations:
Lair:1 2 runed translucent doors, exclusion: oklob plant, bmack86's ghost, journeyman MiFi
Lair:5 2 transporters, Kirke; Newt's ghost, journeyman DsGl


Innate Abilities, Weirdness & Mutations

You have sharp claws.
You have razor-sharp teeth.
You have supernaturally acute eyesight. (SInv)
You cover ground quickly. (Speed+)
Your thick and shaggy fur keeps you warm. (AC +3, rC+)
Your paws help you pounce on unaware monsters.
You are incapable of wielding weapons or throwing items.
You cannot wear armour.
You gain extra lives every three experience levels.


Message History

A deep elf pyromancer is nearby!
Casting: Freezing Cloud (dangerous; 2% risk of failure)
Confirm with . or Enter, or press ? or * to list all spells.
Aiming: Freezing Cloud (dangerous; 2% risk of failure)
Press: ? - help, Dir - move target, f - deep elf pyromancer
Aim: a deep elf pyromancer, wielding a +0 dagger and wearing a +0 leather armour (asleep) That beam is likely to hit you.
Continue anyway?
You are engulfed in freezing vapours.
The deep elf pyromancer shouts!
You hear a shout! x2
The deep elf pyromancer is engulfed in freezing vapours.
A deep elf pyromancer comes into view. It is wielding a +0 rapier of venom.
An orc sorcerer comes into view.
It is wielding a +0 dagger and wearing a +2 robe of cold resistance.
Casting: Freezing Cloud (dangerous; 2% risk of failure)
Confirm with . or Enter, or press ? or * to list all spells.
Aiming: Freezing Cloud (dangerous; 2% risk of failure)
Press: ? - help, Dir - move target, f - orc sorcerer, p - deep elf pyromancer
Aim: an orc sorcerer, wielding a +0 dagger and wearing a +2 robe of cold resistance You miscast Freezing Cloud.
You are very lightly contaminated with residual magic.
Nothing appears to happen.
You are engulfed in freezing vapours.
The deep elf pyromancer is engulfed in freezing vapours.
Casting: Freezing Cloud (dangerous; 2% risk of failure)
Confirm with . or Enter, or press ? or * to list all spells.
Aiming: Freezing Cloud (dangerous; 2% risk of failure)
Press: ? - help, Dir - move target, f/p - orc sorcerer
Aim: an orc sorcerer, wielding a +0 dagger and wearing a +2 robe of cold resistance You are engulfed in freezing vapours.
You die...
The deep elf pyromancer is engulfed in freezing vapours.
The deep elf pyromancer closely misses you.
The orc sorcerer is engulfed in freezing vapours.
You are now level 13!
You rejoin the land of the living...
Found a potion of flight.
Unknown command.
Unknown command.
Welcome back, Midn8 the Felid Conjurer.
Gozag says: Greed is good.
Press ? for a list of commands and other information.
Are you sure you want to abandon this character and quit the game? (Confirm with "yes".)

#. #.# #.# #.# #.# #.#
#.# #.# #.# ##### #.#
#.# .....##.#####.##
######...........##
#.@......(........#
#.#.[####..####...# ##.
#!# #.......... ... ..#
#...).(.... .... ##
#.#.###...#
.......####.#.# #...#
....(......(.#.# #....
#........###..#.###...#
..................##


There were no monsters in sight!

Vanquished Creatures
  A balrug (Gauntlet)
  A minotaur (Gauntlet)
  Snorg (Lair:5)
  Josephine (D:12)
  3 hydras
  7 vault guards (D:14)
  A ghost crab (Lair:2)
  Harold (Lair:1)
  Erolcha (D:12)
  A catoblepas (D:14)
  A death knight (D:14)
  3 centaur warriors
  3 boulder beetles
  3 two-headed ogres (D:12)
  3 tengu warriors
  15 death yaks
  3 skeletal warriors
  A spectral death yak (Lair:2)
  Amaemon (Lair:2)
  2 orc knights
  2 lindwurms (Lair:5)
  2 bog bodies (IceCv)
  2 deep elf pyromancers (D:15)
  The ghost of karrick the Ducker, a novice GnGl of Okawaru (D:6)
  Pikel (D:7)
  The ghost of HyperVT the Covered, a novice HuMo of Ru (D:5)
  3 ugly things
  4 manticores
  5 cyclopes
  An oklob plant (Lair:4)
  An eye of devastation (Gauntlet)
  6 elephants
  Joseph (D:8)
  A black mamba (Lair:1)
  A torpor snail (Lair:5)
  9 cane toads
  A smoke demon (Gauntlet)
  2 minotaur zombies (Gauntlet)
  An orange demon (Lair:2)
  An ice statue (IceCv)
  A rime drake (shapeshifter) (D:13)
  Psyche (D:8)
  2 rime drakes
  3 unseen horrors
  2 efreet
  12 komodo dragons
  A tengu conjurer (D:14)
  A freezing wraith (IceCv)
  A red devil (Gauntlet)
  6 meliai
  4 trolls
  5 polar bears
  6 hornets
  15 blink frogs
  9 dream sheep
  A spectral elephant (Lair:2)
  Sigmund (D:6)
  4 slime creatures (D:12)
  A centaur simulacrum (D:15)
  A dire elephant simulacrum (IceCv)
  16 spriggans
  29 yaks
  5 wyverns
  13 wraiths
  A shadow (D:12)
  A basilisk (D:14)
  17 vampire mosquitoes
  2 death yak simulacra (IceCv)
  The ghost of gelatine the Chopper, an amateur DsGl (D:3)
  4 steam dragons
  A spectral cane toad (Lair:2)
  A warg (D:15)
  3 nagas (Lair:3)
  Menkaure (D:5)
  A hydra simulacrum (IceCv)
  11 water moccasins
  A floating eye (Gauntlet)
  3 ice beasts (D:6)
  4 black bears
  12 orc warriors
  2 sky beasts
  5 boggarts (Lair:5)
  11 wolves (Lair:5)
  3 ogres (D:5)
  8 centaurs
  2 lemures
  18 bullfrogs
  7 kobold brigands
  A gnoll sergeant (D:6)
  6 two-headed ogre simulacra
  4 cane toad simulacra
  17 wights
  9 killer bees
  3 elephant simulacra (IceCv)
  A spectral wolf (Lair:2)
  5 howler monkeys
  4 electric eels
  5 crimson imps
  A centaur zombie (Ossuary)
  10 orc priests
  4 hounds
  4 iguanas
  2 jellies
  A gnoll bouda (D:9)
  12 orc wizards
  6 troll simulacra
  5 polar bear simulacra
  10 spriggan simulacra
  A wolf simulacrum (D:13)
  13 gnolls
  A naga simulacrum (IceCv)
  9 adders
  A shadow imp (D:7)
  8 white imps
  9 ufetubi
  An adder zombie (Ossuary)
  A worm (D:3)
  5 dart slugs
  40 orcs
  3 bats (D:1)
  8 endoplasms
  3 giant cockroaches
  12 goblins
  5 hobgoblins
  2 jackals (D:4)
  3 quokkas
  3 ball pythons
  2 ball python skeletons (Ossuary)
  3 frilled lizards
  A hobgoblin skeleton (Ossuary)
  A hobgoblin zombie (Ossuary)
  15 kobolds
  4 kobold zombies (Ossuary)
  3 rats
  A bush (D:15)
  A fulminant prism (D:14)
628 creatures vanquished.

Vanquished Creatures (others)
  A manticore (D:14)
  A bush (D:15)
  348 fulminant prisms
  75 fungi
  75 plants
500 creatures vanquished.

Grand Total: 1128 creatures vanquished

Notes
Turn   | Place    | Note
-------+----------+-------------------------------------------
     0 | D:1      | Midn8 the Felid Conjurer began the quest for the Orb.
     0 | D:1      | Reached XP level 1. HP: 7/7 MP: 4/4
   246 | D:1      | Found a faded altar of an unknown god.
   551 | D:1      | Reached XP level 2. HP: 11/11 MP: 2/6
  1346 | D:2      | Learned a level 2 spell: Searing Ray
  1460 | D:2      | You fall into a shaft and drop 2 floors!
  1469 | D:4      | Found a transporter.
  1475 | D:4      | Reached XP level 3. HP: 14/14 MP: 5/9
  1516 | D:4      | Found a transporter.
  1787 | D:3      | Found a glowing golden altar of the Shining One.
  1789 | D:3      | Found a hazy altar of Hepliaklqana.
  1789 | D:3      | Found a stormy altar of Qazlal.
  1791 | D:3      | Found an opulent altar of Gozag.
  1793 | D:3      | Found an ornate altar of the Wu Jian Council.
  1862 | D:3      | Became a worshipper of Gozag Ym Sagoz the Greedy
  1927 | D:2      | Reached XP level 4. HP: 18/18 MP: 1/11
  2654 | D:3      | Found a transporter.
  2654 | D:3      | Noticed gelatine's ghost (amateur DsGl)
  2672 | D:3      | Found a transporter.
  3169 | D:3      | Found a radiant altar of Vehumet.
  3698 | D:4      | Reached XP level 5. HP: 21/21 MP: 5/12
  3888 | D:4      | Learned a level 4 spell: Fulminant Prism
  3970 | D:4      | Reached skill level 5 in Conjurations
  3990 | D:4      | Reached skill level 1 in Hexes
  4131 | D:4      | Found a staircase to the Ecumenical Temple.
  4141 | D:4      | Upgraded the game from 0.30-a0-469-g84de5afbc5 to
                  | 0.30-a0-585-g93115170b9
  4218 | D:4      | Found a burning altar of Makhleb.
  4745 | D:4      | Gained mutation: You are covered in thick fur. (AC +2)
                  | [Felid growth]
  4745 | D:4      | Reached XP level 6. HP: 24/24 MP: 8/13
  4832 | D:5      | Entered Level 5 of the Dungeon
  4932 | D:5      | Noticed HyperVT's ghost (novice HuMo)
  4934 | D:5      | Found a transporter.
  4963 | D:5      | Noticed Menkaure
  4983 | D:5      | Killed Menkaure
  4984 | D:5      | Reached skill level 1 in Fighting
  5117 | D:5      | Found a transporter.
  5201 | D:5      | Reached XP level 7. HP: 30/30 MP: 8/14
  5830 | D:5      | Reached skill level 4 in Dodging
  5933 | D:5      | Reached XP level 8. HP: 36/36 MP: 8/15
  6086 | D:5      | Reached skill level 5 in Dodging
  6598 | D:6      | Found a runed translucent door.
  6607 | D:6      | Noticed karrick's ghost (novice GnGl)
  6611 | D:6      | Noticed Sigmund
  6623 | D:6      | Killed Sigmund
  6624 | D:6      | Reached skill level 6 in Dodging
  6914 | D:6      | Reached skill level 5 in Spellcasting
  7523 | D:6      | Reached skill level 5 in Stealth
  7908 | D:6      | Found a glowing silver altar of Zin.
  7967 | D:7      | Noticed Pikel
  8045 | D:7      | Reached skill level 5 in Fighting
  8045 | D:7      | Reached XP level 9. HP: 40/40 MP: 7/19
  8202 | D:7      | Found a sand-covered staircase.
  8220 | Ossuary  | Entered an ossuary
  9102 | D:7      | Killed Pikel
  9138 | D:7      | Learned a level 4 spell: Iskenderun's Mystic Blast
  9390 | D:7      | Paralysed by an orc for 5 turns
  9771 | D:8      | Noticed Psyche
  9810 | D:8      | Killed Psyche
  9811 | D:8      | Reached skill level 5 in Translocations
  9984 | D:8      | Noticed Joseph
 10133 | D:8      | Found a flagged portal.
 10157 | Bailey   | Entered a bailey
 10201 | Bailey   | Reached skill level 7 in Dodging
 10205 | Bailey   | Reached XP level 10. HP: 45/45 MP: 5/23
 10487 | Bailey   | Noticed an orc knight
 10506 | Bailey   | Reached skill level 8 in Dodging
 10507 | Bailey   | Killed an orc knight
 10508 | Bailey   | Reached skill level 9 in Dodging
 10609 | Bailey   | Identified the +3 swamp dragon scales "Nidooc" {Harm rPois
                  | Slay-5 Stlth+}
 10787 | Bailey   | Found an iron altar of Okawaru.
 10878 | D:8      | Found Unkewiq's Magic Scroll Shoppe.
 10882 | D:8      | Bought a scroll of blinking for 82 gold pieces
 10882 | D:8      | Bought a scroll of teleportation for 33 gold pieces
 10885 | D:8      | Bought a scroll of amnesia for 44 gold pieces
 10885 | D:8      | Bought a scroll of identify for 22 gold pieces
 10885 | D:8      | Bought a scroll of poison for 44 gold pieces
 10885 | D:8      | Bought 3 scrolls of identify for 66 gold pieces
 10885 | D:8      | Bought a scroll of identify for 22 gold pieces
 11014 | D:8      | Killed Joseph
 11015 | D:8      | Reached skill level 10 in Dodging
 11021 | D:8      | Learned a level 5 spell: Arcjolt
 11278 | D:8      | Reached skill level 1 in Air Magic
 11445 | D:8      | Found a sacrificial altar of Ru.
 12776 | D:9      | Found a shimmering blue altar of Sif Muna.
 12951 | D:9      | Found a blossoming altar of Fedhas.
 13366 | D:9      | Noticed a four-headed hydra
 13396 | D:9      | Killed a four-headed hydra
 13397 | D:9      | Reached XP level 11. HP: 48/48 MP: 0/24
 13578 | D:9      | Reached skill level 5 in Air Magic
 13800 | D:9      | Found a staircase to the Lair.
 13917 | D:10     | Entered Level 10 of the Dungeon
 14154 | D:10     | Identified the +2 robe of Plasticity {Will+}
 14198 | D:10     | Found a shimmering altar of Xom.
 14198 | D:10     | Found a shimmering altar of Xom.
 14200 | D:10     | Found a shimmering altar of Xom.
 14215 | D:10     | Found a shimmering altar of Xom.
 14216 | D:10     | Found a shimmering altar of Xom.
 14216 | D:10     | Found a shimmering altar of Xom.
 14219 | D:10     | Found a shimmering altar of Xom.
 14428 | D:10     | Found a staircase to the Orcish Mines.
 15504 | Lair:1   | Entered Level 1 of the Lair of Beasts
 15961 | Lair:1   | Noticed an oklob plant
 16077 | Lair:1   | Noticed a death yak
 16085 | Lair:1   | Noticed a death yak
 16086 | Lair:1   | Noticed a death yak
 16089 | Lair:1   | Noticed a death yak
 16108 | Lair:1   | Killed a death yak
 16465 | D:9      | Killed a death yak
 16927 | D:9      | Killed a death yak
 16928 | D:9      | Reached skill level 5 in Evocations
 16931 | D:9      | Killed a death yak
 17374 | Lair:1   | Gained mutation: Your thick and shaggy fur keeps you warm.
                  | (AC +3, rC+) [Felid growth]
 17374 | Lair:1   | Reached XP level 12. HP: 55/55 MP: 0/25
 17592 | Lair:1   | Found a large runed translucent door.
 17593 | Lair:1   | Found a large runed translucent door.
 17594 | Lair:1   | Noticed bmack86's ghost (journeyman MiFi)
 18029 | Lair:1   | Noticed a seven-headed hydra
 18080 | Lair:1   | Killed a seven-headed hydra
 18333 | Lair:1   | You fall into a shaft and drop 1 floor!
 19343 | Lair:2   | Found a sacrificial altar of Ru.
 19423 | Lair:2   | Learned a level 5 spell: Freezing Cloud
 19443 | Lair:2   | Noticed Harold
 19488 | Lair:1   | Killed Harold
 19663 | Lair:2   | Noticed Amaemon
 19669 | Lair:2   | Killed Amaemon
 20072 | Lair:2   | Noticed a ghost crab
 20080 | Lair:2   | Killed a ghost crab
 20150 | Lair:2   | Found a staircase to the Swamp.
 20467 | Lair:2   | Noticed a boulder beetle
 20529 | Lair:2   | Reached skill level 5 in Ice Magic
 20982 | Lair:2   | Killed a boulder beetle
 22285 | Lair:3   | Reached XP level 13. HP: 61/61 MP: 14/26
 22298 | Lair:3   | Reached skill level 10 in Fighting
 22881 | Lair:3   | Identified a scroll of acquirement
 22891 | Lair:3   | Acquired 849 gold pieces
 23329 | Lair:3   | Found a staircase to the Snake Pit.
 23675 | Lair:4   | Reached skill level 10 in Spellcasting
 24394 | Lair:4   | Reached skill level 11 in Dodging
 24846 | Lair:4   | Found a staircase to the Slime Pits.
 24857 | Lair:4   | Reached skill level 12 in Dodging
 25380 | Lair:5   | Entered Level 5 of the Lair of Beasts
 25380 | Lair:5   | Noticed Kirke
 25396 | Lair:5   | Noticed Newt's ghost (journeyman DsGl)
 25659 | Lair:5   | Reached skill level 13 in Dodging
 26171 | Lair:5   | Noticed Snorg
 26181 | Lair:5   | Killed Snorg
 26391 | Lair:5   | Noticed Sonja
 26392 | Lair:5   | Sonja changed into Sonja the unseen horror
 26392 | Lair:5   | Noticed Sonja
 26398 | Lair:5   | Killed Sonja the unseen horror
 26917 | Lair:5   | Identified the +5 dagger of Freezing Certain Death {flame,
                  | rC+ Dex+3}
 27072 | Lair:5   | Reached XP level 14. HP: 66/66 MP: 20/30
 27515 | Lair:5   | Learned a level 5 spell: Irradiate
 27614 | Lair:5   | Reached skill level 1 in Transmutations
 27902 | Lair:5   | Found a transporter.
 27931 | Lair:5   | Found a transporter.
 28245 | D:3      | Killed gelatine's ghost
 28379 | D:5      | Killed HyperVT's ghost
 28483 | D:6      | Killed karrick's ghost
 29906 | D:12     | Noticed Erolcha
 29947 | D:12     | Killed Erolcha
 29948 | D:12     | Reached skill level 5 in Transmutations
 31236 | D:12     | Reached skill level 1 in Unarmed Combat
 31469 | D:12     | Noticed Josephine
 31841 | D:12     | Killed Josephine
 32107 | D:13     | Found a frozen archway.
 32140 | IceCv    | Entered an ice cave
 32924 | IceCv    | Upgraded the game from 0.30-a0-585-g93115170b9 to
                  | 0.30-a0-596-g0af90f9a20
 33008 | IceCv    | Reached skill level 5 in Unarmed Combat
 35389 | D:14     | Reached skill level 10 in Conjurations
 36361 | D:14     | Found an ornate altar of the Wu Jian Council.
 36788 | D:14     | Reached XP level 15. HP: 54/69 MP: 8/31
 37068 | D:12     | Learned a level 5 spell: Blade Hands
 37467 | D:14     | Found a gate to the Vaults.
 38060 | D:15     | Entered Level 15 of the Dungeon
 38331 | D:15     | Found a gate leading to a gauntlet.
 38340 | Gauntlet | Entered a Gauntlet
 38340 | Gauntlet | Found a transporter.
 38349 | Gauntlet | Found a transporter.
 38362 | Gauntlet | Found a transporter.
 38363 | Gauntlet | Found a transporter.
 38371 | Gauntlet | Found a transporter.
 38388 | Gauntlet | Found a transporter.
 38399 | Gauntlet | Found a transporter.
 38406 | Gauntlet | Found a transporter.
 38409 | Gauntlet | Found a transporter.
 38422 | Gauntlet | Found a runed translucent door.
 38423 | Gauntlet | Found a transporter.
 38439 | Gauntlet | Found a transporter.
 38452 | Gauntlet | Found a transporter.
 38474 | Gauntlet | Found a runed translucent door.
 38477 | Gauntlet | Found a transporter.
 38524 | Gauntlet | Found a transporter.
 38588 | Gauntlet | Paralysed by a floating eye for 3 turns
 38856 | Gauntlet | Mangled by a balrug
 38857 | Gauntlet | Reached XP level 14. HP: -10/66 MP: 28/30
 38891 | Gauntlet | Killed a balrug
 38975 | Gauntlet | Acquired 1069 gold pieces
 38977 | Gauntlet | Acquired a book of Storms
 39851 | D:15     | Found a hazy altar of Hepliaklqana.
 40384 | D:15     | Engulfed by a cloud of freezing vapour
 40385 | D:15     | Reached XP level 13. HP: -1/63 MP: 15/29
 40385 | D:15     | Quit the game

Illustrated notes

Levels and vault maps discovered:
D:1:      dpeg_arrival_another_circle, layout_basic,
          ebering_ecumenical_altar_petrified, serial_corexii_hall,
          corexii_hall_statues_u, corexii_hall_statues_l
D:2:      layout_basic
D:3:      layout_basic, mainiacjoe_overflow_alcove_4,
          grunt_temple_overflow_open, gammafunk_ghost_arena
D:4:      gammafunk_steamed_eel, layout_rooms,
          mainiacjoe_overflow_cross_hatched,
          minmay_temple_entry_drinking_statues
D:5:      layout_basic, gammafunk_ghost_arena, serial_park_tiny_pond,
          minmay_fire_ice_demons, uniq_menkaure
D:6:      layout_rooms, mainiacjoe_overflow_alcove_1,
          hellmonk_ghost_happy_afterlife, uniq_sigmund
D:7:      layout_loops_ring, enter_ossuary_5, uniq_pikel
D:8:      layout_loops_ring, lemuel_tele_altar, serial_shops, shop,
          enter_bailey_3, minmay_misc_feat_pillars, uniq_joseph, uniq_psyche
D:9:      layout_irregular_city, amcnicky_altar_gilded, led_sif_pool,
          grunt_lair_entry_orc_guard_hut
D:10:     layout_loops_corners, xom_redecorated, orc_0_dummy
D:11:     layout_gridville
D:12:     layout_long_grid, grunt_ministairs_4, uniq_josephine, uniq_erolcha
D:13:     layout_loops_ring, portal_ice_cave_entry_ice_simulacra
D:14:     layout_long_grid, erik_vaults_2, nzn_wu_jian_council_hall
D:15:     grunt_enter_depths_magical_seal, layout_loops_ring,
          serial_park_avenue1, gauntlet_entry_generic,
          nicolae_hepliaklqana_hazy_memory
Lair:1:   kb_forest_paths, layout_hall_layers, ebering_ghost_disaster_area
Lair:2:   layout_cave_pods, nicolae_swamp_entry_spooky, basic_altar,
          infiniplex_staircase_pool_2, uniq_harold, uniq_amaemon
Lair:3:   layout_hall_layers, nicolae_snake_entry_squirm, lemuel_fruit_tree
Lair:4:   layout_gridlike, minmay_slime_entry_oklob_open, serial_bayou_shore_a
Lair:5:   minmay_lair_end_enchanted_forest, layout_cave_shapes,
          gammafunk_ghost_arena, uniq_snorg, uniq_sonja, uniq_kirke

Skill      XL: |  1  2  3  4  5  6  7  8  9 10 11 12 13 14 15 |
---------------+----------------------------------------------+-----
Spellcasting   | 3 4 6 8 11 | 11.7
Conjurations   | 4 5 7 8 9 10 11 | 11.0
Hexes          | 4 6 8 |  8.0
Fighting       | 2 4 5 6 8 9 10 | 10.8
Dodging        | 4 6 7 10 13 | 13.0
Stealth        | 5 |  5.0
Translocations | 6 |  6.0
Air Magic      | 4 6 8 |  8.0
Evocations     | 5 |  5.0
Ice Magic      | 6 |  6.0
Transmutations | 7 |  7.0
Unarmed Combat | 9 8 |  9.0

Action                   |  1- 3 |  4- 6 |  7- 9 | 10-12 | 13-15 || total
-------------------------+-------+-------+-------+-------+-------++-------
Melee: Unarmed           |     4 |       |    19 |     8 |    78 ||   109
       Bite              |       |       |     4 |       |    15 ||    19
       Punch             |       |       |     1 |       |     5 ||     6
 Cast: Magic Dart        |    53 |    95 |    41 |    18 |     9 ||   216
       Searing Ray       |     2 |    19 |    38 |    72 |    28 ||   159
       Fulminant Prism   |       |     3 |    54 |   167 |   126 ||   350
       Iskenderun's Myst |       |       |     2 |    41 |    98 ||   141
       Freezing Cloud    |       |       |       |    28 |   224 ||   252
       Arcjolt           |       |       |       |     6 |    10 ||    16
       Irradiate         |       |       |       |       |     5 ||     5
       Blade Hands       |       |       |       |       |     2 ||     2
Invok: Potion Petition   |       |       |       |       |     3 ||     3
Evoke: Wand              |       |     8 |       |     1 |     1 ||    10
  Use: Scroll            |     7 |    10 |     1 |    11 |     5 ||    34
       Potion            |       |       |       |       |     1 ||     1
 Stab: Sleeping          |     2 |       |     5 |     1 |       ||     8
       Distracted        |       |       |       |       |     1 ||     1
Armor: Skin              |       |       |     7 |       |     6 ||    13
Dodge: Dodged            |     3 |    16 |    55 |   128 |   165 ||   367
Block: Other             |       |       |       |    24 |    45 ||    69
       Reflection        |       |       |       |     3 |     9 ||    12

Table legend: (Time is in decaauts)
 A = Elapsed time spent in this place.
 B = Non-inter-level travel time spent in this place.
 C = Inter-level travel time spent in this place.
 D = Time resting spent in this place.
 E = Time spent auto-exploring this place.
 F = Levels seen in this place.
 G = Mean time per level.
                   A        B        C        D        E       F      G
               +--------+--------+--------+--------+--------+-----+--------+
         Total |  36799 |  35431 |   1368 |  18830 |  10764 |  24 | 1533.3 |
       Dungeon |  22365 |  21352 |   1013 |  11065 |   7200 |  15 | 1491.0 |
          Lair |  10516 |  10161 |    355 |   5566 |   2990 |   5 | 2103.2 |
       Ossuary |    683 |    683 |      0 |    317 |    134 |   1 |  683.0 |
        Bailey |    669 |    669 |      0 |    463 |     68 |   1 |  669.0 |
      Ice Cave |   1843 |   1843 |      0 |   1110 |    226 |   1 | 1843.0 |
      Gauntlet |    720 |    720 |      0 |    307 |    143 |   1 |  720.0 |
               +--------+--------+--------+--------+--------+-----+--------+

Top non-repeatable levels by time:
     D:9: 2831 daAuts
  Lair:1: 2500 daAuts
    D:13: 2251 daAuts
    D:12: 2218 daAuts
  Lair:2: 2097 daAuts
  Lair:3: 2059 daAuts
  Lair:4: 2039 daAuts
     D:5: 1944 daAuts
   IceCv: 1843 daAuts
  Lair:5: 1820 daAuts
    D:14: 1545 daAuts
    D:10: 1389 daAuts
     D:6: 1337 daAuts
     D:4: 1320 daAuts
     D:8: 1243 daAuts
